MID
QUAD CITIES RIVER BANDITS @ BOWLING GREEN HOT RODS
07/18/2098
 
TOP OF THE 1ST
Quad Cities River Bandits batting - Pitching for Bowling Green Hot Rods : LHP Armando Ortega
Pitching: LHP Armando Ortega
Batting: RHB Danny Malave 0-0: Ball
1-0: Called Strike
1-1: Called Strike
1-2: Ground out U3 (Groundball, 34S, EV 85.0 MPH)
Batting: RHB Alex Romero 0-0: Ball
1-0: Ball
2-0: Called Strike
2-1: SINGLE (Groundball, 4MD, EV 103.8 MPH)
Batting: RHB James Woodard 0-0: Called Strike
0-1: Swinging Strike
0-2: Fly out, F8 (Flyball, 89S, EV 92.5 MPH)
Batting: RHB Cody Shuman 0-0: Ball
1-0: Called Strike
1-1: Swinging Strike
1-2: Strikes out swinging
Top of the 1st over - 0 runs, 1 hit, 0 errors, 1 left on base; Quad Cities 0 - Bowling Green 0
BOTTOM OF THE 1ST
Bowling Green Hot Rods batting - Pitching for Quad Cities River Bandits : RHP Dan Fagan
Pitching: RHP Dan Fagan
Batting: RHB Zach Frederick 0-0: Called Strike
0-1: Foul Ball, location: 9LSF
0-2: Strikes out swinging
Batting: RHB Isaiah Qualls 0-0: Foul Ball, location: 5F
0-1: Foul Ball, location: 23FF
0-2: Foul Ball, location: 2F
0-2: Ball
1-2: Ball
2-2: Fly out, F7 (Flyball, 78S, EV 83.1 MPH)
Batting: RHB Josh Melchior 0-0: Called Strike
0-1: Ground out 6-3 (Groundball, 6, EV 86.3 MPH)
Bottom of the 1st over - 0 runs, 0 hits, 0 errors, 0 left on base; Quad Cities 0 - Bowling Green 0
TOP OF THE 2ND
Quad Cities River Bandits batting - Pitching for Bowling Green Hot Rods : LHP Armando Ortega
Batting: RHB Chad Erickson 0-0: Called Strike
0-1: Swinging Strike
0-2: SOLO HOME RUN (Flyball, 7D, EV 93.1 MPH), Distance : 365 ft
Batting: RHB Adam Reid 0-0: Foul Ball, location: 9LDF
0-1: Ball
1-1: Called Strike
1-2: Strikes out looking
Batting: RHB Travis Goodman 0-0: Swinging Strike
0-1: Ball
1-1: Foul Ball, location: 5SF
1-2: Ball
2-2: Foul Ball, location: 2F
2-2: Ball
3-2: Foul Ball, location: 2F
3-2: Base on Balls
Batting: RHB Ted Chapin 0-0: Ball
1-0: Called Strike
1-1: Swinging Strike
1-2: Strikes out swinging
Batting: RHB Paolo Couvreur 0-0: Ground out 1-3 (Groundball, 13S, EV 71.9 MPH)
Top of the 2nd over - 1 run, 1 hit, 0 errors, 1 left on base; Quad Cities 1 - Bowling Green 0
BOTTOM OF THE 2ND
Bowling Green Hot Rods batting - Pitching for Quad Cities River Bandits : RHP Dan Fagan
Batting: RHB Daniel Melendrez 0-0: Called Strike
0-1: Called Strike
0-2: Strikes out swinging
Batting: RHB Gabriel Kenny 0-0: Ball
1-0: Swinging Strike
1-1: Foul Ball, location: 5F
1-2: Fly out, F8 (Flyball, 89M, EV 78.8 MPH)
Batting: RHB Ken Conley 0-0: Called Strike
0-1: Foul Ball, location: 5F
0-2: SINGLE (Line Drive, 8RS, EV 86.9 MPH)
Batting: RHB Jason William 0-0: SINGLE (Groundball, 34D, EV 95.0 MPH)
Ken Conley to second
Runner from 2nd tries for 3rd, SAFE, no throw by RF
Batting: RHB Ryan Hildebrand 0-0: Called Strike
0-1: Fielders Choice at 2nd, 6-4 (Groundball, 6, EV 82.5 MPH)
Bottom of the 2nd over - 0 runs, 2 hits, 0 errors, 2 left on base; Quad Cities 1 - Bowling Green 0
TOP OF THE 3RD
Quad Cities River Bandits batting - Pitching for Bowling Green Hot Rods : LHP Armando Ortega
Batting: RHB Danny Malave 0-0: Ball
1-0: Fly out, F8 (Line Drive, 78M, EV 93.8 MPH)
Batting: RHB Alex Romero 0-0: Ball
1-0: Called Strike
1-1: Foul Ball, location: 2F
1-2: Fly out, F9 (Flyball, 89M, EV 91.9 MPH)
Batting: RHB James Woodard 0-0: Reached on error, E6 (Groundball, 56, EV 103.1 MPH)
Batting: RHB Cody Shuman 0-0: Ball
1-0: Foul Ball, location: 9LDF
1-1: Swinging Strike
1-2: Foul Ball, location: 5F
1-2: Strikes out swinging
Top of the 3rd over - 0 runs, 0 hits, 1 error, 1 left on base; Quad Cities 1 - Bowling Green 0
BOTTOM OF THE 3RD
Bowling Green Hot Rods batting - Pitching for Quad Cities River Bandits : RHP Dan Fagan
Batting: RHB Denzel Gordon 0-0: Ball
1-0: Foul Ball, location: 2F
1-1: Foul Ball, location: 2F
1-2: Ball
2-2: Foul Ball, location: 2F
2-2: Ball
3-2: Ground out 4-3 (Groundball, 4, EV 80.6 MPH)
Batting: RHB Zach Frederick 0-0: Called Strike
0-1: Foul Ball, location: 2F
0-2: Ball
1-2: Strikes out looking
Batting: RHB Isaiah Qualls 0-0: Called Strike
0-1: Ground out 5-3 (Groundball, 56, EV 91.3 MPH)
Bottom of the 3rd over - 0 runs, 0 hits, 0 errors, 0 left on base; Quad Cities 1 - Bowling Green 0
TOP OF THE 4TH
Quad Cities River Bandits batting - Pitching for Bowling Green Hot Rods : LHP Armando Ortega
Batting: RHB Chad Erickson 0-0: Swinging Strike
0-1: Foul Ball, location: 7LSF
0-2: Ball
1-2: Ball
2-2: Strikes out swinging
Batting: RHB Adam Reid 0-0: Ball
1-0: Foul Ball, location: 3DF
1-1: Swinging Strike
1-2: Ball
2-2: Foul Ball, location: 5F
2-2: Foul Ball, location: 2F
2-2: Ball
3-2: Strikes out swinging
Batting: RHB Travis Goodman 0-0: Called Strike
0-1: SINGLE (Line Drive, 56D, EV 95.0 MPH)
Batting: RHB Ted Chapin 0-0: Called Strike
0-1: Ball
1-1: Ball
2-1: Swinging Strike
2-2: Fly out, F9 (Line Drive, 9S, EV 91.9 MPH)
Top of the 4th over - 0 runs, 1 hit, 0 errors, 1 left on base; Quad Cities 1 - Bowling Green 0
BOTTOM OF THE 4TH
Bowling Green Hot Rods batting - Pitching for Quad Cities River Bandits : RHP Dan Fagan
Batting: RHB Josh Melchior 0-0: Ball
1-0: Called Strike
1-1: Fly out, F4 (Popup, 3S, EV 83.1 MPH)
Batting: RHB Daniel Melendrez 0-0: Called Strike
0-1: Ball
1-1: Swinging Strike
1-2: Strikes out looking
Batting: RHB Gabriel Kenny 0-0: Called Strike
0-1: Ball
1-1: Ground out U3 (Groundball, 34S, EV 82.5 MPH)
Bottom of the 4th over - 0 runs, 0 hits, 0 errors, 0 left on base; Quad Cities 1 - Bowling Green 0
TOP OF THE 5TH
Quad Cities River Bandits batting - Pitching for Bowling Green Hot Rods : LHP Armando Ortega
Batting: RHB Paolo Couvreur 0-0: Swinging Strike
0-1: Ground out 5-3 (Groundball, 56, EV 102.5 MPH)
Batting: RHB Danny Malave 0-0: Called Strike
0-1: Ball
1-1: Ball
2-1: Ball
3-1: Fly out, F8 (Line Drive, 8RM, EV 94.4 MPH)
Batting: RHB Alex Romero 0-0: Ball
1-0: Ball
2-0: Foul Ball, location: 23F
2-1: Called Strike
2-2: Foul Ball, location: 2F
2-2: Foul Ball, location: 2F
2-2: Fly out, F8 (Flyball, 8RM, EV 89.4 MPH)
Top of the 5th over - 0 runs, 0 hits, 0 errors, 0 left on base; Quad Cities 1 - Bowling Green 0
BOTTOM OF THE 5TH
Bowling Green Hot Rods batting - Pitching for Quad Cities River Bandits : RHP Dan Fagan
Batting: RHB Ken Conley 0-0: Ball
1-0: Fly out, F8 (Flyball, 8RD, EV 101.9 MPH)
Batting: RHB Jason William 0-0: Ground out 5-3 (Groundball, 56, EV 89.4 MPH)
Batting: RHB Ryan Hildebrand 0-0: Foul Ball, location: 2F
0-1: Ball
1-1: Called Strike
1-2: Strikes out swinging
Bottom of the 5th over - 0 runs, 0 hits, 0 errors, 0 left on base; Quad Cities 1 - Bowling Green 0
TOP OF THE 6TH
Quad Cities River Bandits batting - Pitching for Bowling Green Hot Rods : LHP Armando Ortega
Batting: RHB James Woodard 0-0: Ball
1-0: Ball
2-0: Called Strike
2-1: Ball
3-1: Base on Balls
Pitching: RHP Jerry Bravo
Batting: RHB Cody Shuman 0-0: Ball
1-0: Fly out, F7 (Flyball, 7S, EV 85.0 MPH)
Batting: RHB Chad Erickson 0-0: Ball
1-0: Called Strike
1-1: Ball
2-1: Called Strike
2-2: Strikes out swinging
Batting: RHB Adam Reid 0-0: Ball
1-0: Ball
2-0: Ball
3-0: Base on Balls
James Woodard to second
Batting: RHB Travis Goodman 0-0: Ball
1-0: Ball
2-0: DOUBLE (Line Drive, 78D, EV 100.6 MPH)
James Woodard scores
Adam Reid to third
Runner from 3rd tries for Home, throw by LF and OUT! 7-6-2
Top of the 6th over - 1 run, 1 hit, 0 errors, 1 left on base; Quad Cities 2 - Bowling Green 0
BOTTOM OF THE 6TH
Bowling Green Hot Rods batting - Pitching for Quad Cities River Bandits : RHP Dan Fagan
Batting: RHB Denzel Gordon 0-0: Ball
1-0: Foul Ball, location: 9LMF
1-1: Swinging Strike
1-2: Strikes out looking
Batting: RHB Zach Frederick 0-0: Ball
1-0: Fly out, F2 (Popup, 2R, EV 95.0 MPH)
Batting: RHB Isaiah Qualls 0-0: Ball
1-0: Ball
2-0: Ground out 5-3 (Groundball, 56S, EV 71.9 MPH)
Bottom of the 6th over - 0 runs, 0 hits, 0 errors, 0 left on base; Quad Cities 2 - Bowling Green 0
TOP OF THE 7TH
Quad Cities River Bandits batting - Pitching for Bowling Green Hot Rods : RHP Jerry Bravo
Batting: RHB Ted Chapin 0-0: Ball
1-0: Called Strike
1-1: Foul Ball, location: 3FF
1-2: Strikes out swinging
Batting: RHB Paolo Couvreur 0-0: Foul Ball, location: 7LSF
0-1: Called Strike
0-2: Ground out 6-3 (Groundball, 6S, EV 81.9 MPH)
Batting: RHB Danny Malave 0-0: Ball
1-0: Ball
2-0: Foul Ball, location: 9LSF
2-1: Swinging Strike
2-2: Ground out 5-3 (Groundball, 5, EV 88.8 MPH)
Top of the 7th over - 0 runs, 0 hits, 0 errors, 0 left on base; Quad Cities 2 - Bowling Green 0
BOTTOM OF THE 7TH
Bowling Green Hot Rods batting - Pitching for Quad Cities River Bandits : RHP Dan Fagan
Batting: RHB Josh Melchior 0-0: Foul Ball, location: 2RF
0-1: Fly out, F8 (Flyball, 78M, EV 78.1 MPH)
Batting: RHB Daniel Melendrez 0-0: Ground out 1-3 (Groundball, 15S, EV 70.6 MPH)
Batting: RHB Gabriel Kenny 0-0: Called Strike
0-1: Ball
1-1: Swinging Strike
1-2: Ball
2-2: Foul Ball, location: 5F
2-2: Foul Ball, location: 2F
2-2: Foul Ball, location: 2F
2-2: Fly out, F7 (Flyball, 78M, EV 83.1 MPH)
Bottom of the 7th over - 0 runs, 0 hits, 0 errors, 0 left on base; Quad Cities 2 - Bowling Green 0
TOP OF THE 8TH
Quad Cities River Bandits batting - Pitching for Bowling Green Hot Rods : RHP Jerry Bravo
Batting: RHB Alex Romero 0-0: Swinging Strike
0-1: Swinging Strike
0-2: Foul Ball, location: 23F
0-2: Strikes out swinging
Batting: RHB James Woodard 0-0: Foul Ball, location: 3DF
0-1: Foul Ball, location: 3DF
0-2: Fly out, F9 (Flyball, 89S, EV 90.6 MPH)
Batting: RHB Cody Shuman 0-0: Ball
1-0: Ball
2-0: Called Strike
2-1: Foul Ball, location: 9LDF
2-2: SINGLE (Line Drive, 6D, EV 104.4 MPH)
Batting: RHB Chad Erickson 0-0: Swinging Strike
0-1: Ball
1-1: Ball
2-1: Swinging Strike
2-2: Ball
3-2: SINGLE (Groundball, 56, EV 106.9 MPH)
Cody Shuman to second
Cody Shuman to third
Batting: RHB Adam Reid 0-0: Ball
1-0: SINGLE (Groundball, 6S, EV 61.9 MPH) (infield hit)
Cody Shuman scores
Chad Erickson to second
Batting: RHB Travis Goodman 0-0: Called Strike
0-1: SINGLE (Line Drive, 7LS, EV 90.6 MPH)
Chad Erickson to third
Adam Reid to second
Runner from 3rd tries for Home, SAFE, throw by LF to home
Batting: RHB Ted Chapin 0-0: Ball
1-0: Ball
2-0: Called Strike
2-1: Foul Ball, location: 3F
2-2: Ball
3-2: Foul Ball, location: 3DF
3-2: Strikes out looking
Top of the 8th over - 2 runs, 4 hits, 0 errors, 2 left on base; Quad Cities 4 - Bowling Green 0
BOTTOM OF THE 8TH
Bowling Green Hot Rods batting - Pitching for Quad Cities River Bandits : RHP Dan Fagan
Batting: RHB Ken Conley 0-0: Ball
1-0: Called Strike
1-1: Ball
2-1: Foul Ball, location: 3F
2-2: Fly out, F4 (Popup, 34D, EV 71.3 MPH)
Batting: RHB Jason William 0-0: Ground out 6-3 (Groundball, 56, EV 82.5 MPH)
Batting: RHB Ryan Hildebrand 0-0: Called Strike
0-1: Ball
1-1: Ball
2-1: Swinging Strike
2-2: Strikes out looking
Bottom of the 8th over - 0 runs, 0 hits, 0 errors, 0 left on base; Quad Cities 4 - Bowling Green 0
TOP OF THE 9TH
Quad Cities River Bandits batting - Pitching for Bowling Green Hot Rods : RHP Jerry Bravo
Batting: RHB Paolo Couvreur 0-0: Called Strike
0-1: Ball
1-1: Called Strike
1-2: Ball
2-2: Foul Ball, location: 3DF
2-2: Ground out 6-3 (Groundball, 6, EV 83.8 MPH)
Batting: RHB Danny Malave 0-0: Ball
1-0: Foul Ball, location: 5DF
1-1: Swinging Strike
1-2: SINGLE (Line Drive, 89M, EV 106.3 MPH)
Pitching: LHP Leonard Coady
Batting: RHB Alex Romero 0-0: Ball
1-0: Called Strike
1-1: Ball
2-1: Ball
3-1: Foul Ball, location: 2F
3-2: Foul Ball, location: 2F
3-2: Strikes out swinging
Batting: RHB James Woodard 0-0: Fly out, F7 (Flyball, 7D, EV 86.3 MPH)
Top of the 9th over - 0 runs, 1 hit, 0 errors, 1 left on base; Quad Cities 4 - Bowling Green 0
BOTTOM OF THE 9TH
Bowling Green Hot Rods batting - Pitching for Quad Cities River Bandits : RHP Dan Fagan
Batting: RHB Denzel Gordon 0-0: Ball
1-0: Called Strike
1-1: Called Strike
1-2: Ball
2-2: Foul Ball, location: 2F
2-2: Strikes out swinging
Batting: RHB Zach Frederick 0-0: Ball
1-0: Ground out 6-3 (Groundball, 6MS, EV 93.8 MPH)
Batting: RHB Isaiah Qualls 0-0: SINGLE (Line Drive, 34, EV 98.1 MPH)
Batting: RHB Josh Melchior 0-0: Called Strike
0-1: Ball
1-1: Ball
2-1: Foul Ball, location: 2F
2-2: Foul Ball, location: 2F
2-2: Foul Ball, location: 9LSF
2-2: DOUBLE (Flyball, 78XD, EV 110.6 MPH)
Isaiah Qualls to third
Batting: RHB Daniel Melendrez 0-0: Foul Ball, location: 5FF
0-1: Ball
1-1: Fly out, F9 (Flyball, 89S, EV 98.1 MPH)
Bottom of the 9th over - 0 runs, 2 hits, 0 errors, 2 left on base; Quad Cities 4 - Bowling Green 0
Wednesday, April 10th , 2024 - OOTP Baseball 24.11 Build 85